 Dungeon Crawl Stone Soup version 0.31.0-32-g396128a36d (webtiles) character file.

Game seed: 16016427073640220392

39 tizbic2 the Charlatan (level 3, -1/36 HPs)
             Began as an Octopode Artificer on Apr 14, 2024.
             Succumbed to an adder's poison
             ... on level 3 of the Dungeon.
             The game lasted 00:05:29 (1136 turns).

tizbic2 the Charlatan (Octopode Artificer)          Turns: 1136, Time: 00:05:29

Health: -1/36      AC: 21    Str: 12    XL:     3   Next: 45%
Magic:  3/3        EV:  2    Int: 18    God:
Gold:   76         SH:  0    Dex: 16    Spells: 2/2 levels left

rFire   + . .        e - +0 whip
rCold   . . .        (no shield)
rNeg    . . .        (helmet currently unavailable)
rPois   +            (no amulet)
rElec   .            f - +6 ring of intelligence
rCorr   .            h - ring of protection from fire
SInv    .            (no ring)
Will    .....        (no ring)
Stlth   ++           (no ring)
HPRegen 0.26/turn    (no ring)
MPRegen 0.08/turn    (no ring)
                     (no ring)

%: no passive effects
@: lethally poisoned (-1 -> -9), tree-form, attractive
A: stationary, stasis, torment immunity, boosted hp, almost no armour,
(amphibious), 8 rings, (camouflage 1), (gelatinous body 1), (nimble swimmer 1),
(tentacles), agile 1
a: no special abilities


You were on level 3 of the Dungeon.
You were a tree.
You visited 1 branch of the dungeon, and saw 3 of its levels.

You collected 76 gold pieces.

Inventory:

Hand Weapons
 e - a +0 whip (weapon)
Missiles
 k - 12 poisoned darts
Jewellery
 f - a +6 ring of intelligence (left branch)
 h - a ring of protection from fire (right branch)
 l - an amulet of guardian spirit
Wands
 b - a wand of flame (13) (quivered)
 c - a wand of charming (15)
 d - a wand of iceblast (3)
Scrolls
 a - a scroll of blinking
 g - a scroll of identify {unknown}
 m - 2 scrolls of fear {unknown}
 o - a scroll of teleportation {unknown}


   Skills:
 * Level 2.1 Fighting
 * Level 1.6 Staves
 - Level 2.3 Dodging
 - Level 1.3 Stealth
 + Level 3.6 Evocations


You had 2 spell levels left.
You didn't know any spells.
Your spell library contained the following spells:

 Spells                   Type           Power      Damage    Failure   Level
 Necrotise                Necr           0%         1d4       22%         1
 Sandblast                Erth           0%         2d4       22%         1
 Passwall                 Erth           0%         N/A       54%         3
 Stone Arrow              Conj/Erth      0%         3d7       54%         3
 Vampiric Draining        Necr           0%         2d6       54%         3
 Brom's Barrelling Bould  Conj/Erth      0%         2d3       91%         4
 Martyr's Knell           Necr/Summ      0%         N/A       91%         4
 Curse of Agony           Necr           0%         N/A       99%         5


Dungeon Overview and Level Annotations

Branches:
Dungeon (3/15)

Altars:
Elyvilon


Innate Abilities, Weirdness & Mutations

You are a tree.
Your roots penetrate the ground, keeping you stationary.
You cannot be teleported.
You are immune to unholy pain and torment.
Your maximum health is greatly increased.
You cannot wear most types of armour.
((You are amphibious.))
You can wear up to eight rings at the same time.
((Your skin changes colour to match your surroundings (Stealth+).))
((Your rubbery body absorbs attacks. (AC +1, EV +1)))
((You are camouflaged when in or above water. (Stealth+)))
((You have tentacles for arms and can constrict up to eight enemies at once.))
You are agile. (Dex +4, Str/Int -1)


Message History

You hit the ribbon worm.
The ribbon worm is almost dead.
You constrict the ribbon worm. The ribbon worm misses you.
You hit the ribbon worm.
You kill the ribbon worm!
The adder misses you.
You hit the adder. Your grab misses the adder.
The adder is lightly wounded.
The adder bites you.
You are poisoned.
The adder poisons you!
You miss the adder. You grab the adder. Your squeeze misses the adder.
The adder is lightly wounded.
You constrict the adder, but do no damage.
You feel sick. The adder misses you. The adder bites you.
You barely miss the adder.
The adder is lightly wounded.
You constrict the adder.
You feel sick. The adder bites you.
You hit the adder.
The adder is severely wounded.
You constrict the adder.
You feel sick. The adder barely misses you. The adder bites you.
* * * LOW HITPOINT WARNING * * *
You are lethally poisoned!
The adder poisons you!
It was a potion of lignification.
You turn into a tree.
Your roots penetrate the ground.
You lose your grip on the adder.
* * * LOW HITPOINT WARNING * * *
You feel sick. The adder bites you.
* * * LOW HITPOINT WARNING * * *
You are more poisoned.
The adder poisons you!
It was a potion of mutation.
You feel extremely strange.
You feel agile.
* * * LOW HITPOINT WARNING * * *
You feel sick. The adder bites you.
* * * LOW HITPOINT WARNING * * *
It was a potion of attraction.
You feel attractive to monsters.
You die...

... ..# .. #.#
##.#### #.# ......#
#.## ......#
##..##......#
.########...........#
.......S♣...#.......#
######.####.........#
................#
#........<..#.#####
.............#.#
.#............# #
...#######..S.# ...
.###.. >. #.#.


You could see an adder.

Vanquished Creatures
  A ribbon worm (D:3)
  4 endoplasms
  2 giant cockroaches (D:2)
  2 hobgoblins
  4 jackals (D:2)
  3 quokkas
  2 ball pythons
  A bat (D:1)
  3 frilled lizards (D:1)
  5 kobolds
  6 rats
33 creatures vanquished.

Notes
Turn   | Place    | Note
-------+----------+-------------------------------------------
     0 | D:1      | tizbic2 the Octopode Artificer began the quest for the Orb.
     0 | D:1      | Reached XP level 1. HP: 13/13 MP: 1/1
   233 | D:1      | Reached XP level 2. HP: 17/18 MP: 2/2
   348 | D:1      | Reached skill level 1 in Staves
   882 | D:2      | Reached XP level 3. HP: 24/24 MP: 3/3
  1049 | D:2      | Found a white marble altar of Elyvilon.
  1135 | D:3      | Gained mutation: You are agile. (Dex +4, Str/Int -1)
                  | [potion of mutation]
  1135 | D:3      | HP: 1/36 [adder (1)]
  1136 | D:3      | Succumbed to an adder's poison

Illustrated notes

Levels and vault maps discovered:
D:1:      giann_horns, layout_basic
D:2:      layout_basic, basic_altar, serial_bayou_pond_c, grunt_ministairs_1,
          minmay_goblin_kobold_house
D:3:      layout_rooms, marbit_many_paths, minmay_ogre_servants,
          uniq_crazy_yiuf_cottage

Skill      XL: |  1  2  3 |
---------------+----------+-----
Staves         | 1 |  1.6
Fighting       | 2 |  2.1
Dodging        | |  2.3
Stealth        | |  1.3
Evocations     | |  3.6

Action                     || total
---------------------------++-------
  Melee: Whip              ||    80
         Constrict         ||    17
         Tentacles         ||    11
         Club              ||     1
         Punch             ||     2
  Evoke: Wand              ||     4
    Use: Scroll            ||     1
         Potion            ||     3
   Stab: Sleeping          ||     8
 Armour: Skin              ||    38
  Dodge: Dodged            ||    43
